 Dungeon Crawl Stone Soup version 0.21.1-1-g345015fe64 (webtiles) character file.

7596 Kohma the Fighter (level 10, 0/130 HPs)
             Began as a Demonspawn Berserker on June 20, 2018.
             Was an Elder of Trog.
             Slain by a brown ugly thing (6 damage)
             ... on level 10 of the Dungeon.
             The game lasted 00:28:33 (9519 turns).

Kohma the Fighter (Demonspawn Berserker)            Turns: 9519, Time: 00:28:34

Health: 0/130      AC: 16    Str: 27    XL:     10   Next: 97%
Magic:  10/10      EV: 11    Int:  8    God:    Trog [****..]
Gold:   19         SH:  2    Dex: 12    Spells: 9/9 levels left

rFire    + . .     SeeInvis .   a - +4 halberd
rCold    + . .     Gourm    .   (shield currently unavailable)
rNeg     . . .     Faith    .   z - +2 scale mail {rC+}
rPois    .         Spirit   .   e - +1 helmet
rElec    .         Reflect  +   q - +0 cloak
rCorr    .         Harm     .   O - +2 pair of gloves
MR       ++...                  (no boots)
Stlth    ..........             i - +2 amulet of reflection
HPRegen  1.31/turn              u - ring of protection from fire
MPRegen  0.12/turn              f - ring of stealth

@: berserking (expiring), lethally poisoned (0 -> -125), regenerating, very
quick
A: claws 1, spiny 2
a: Berserk, Trog's Hand, Brothers in Arms, Burn Spellbooks, Renounce Religion


You were on level 10 of the Dungeon.
You worshipped Trog.
Trog was greatly pleased with you.
You were very hungry.

You visited 1 branch of the dungeon, and saw 10 of its levels.

You collected 409 gold pieces.
You spent 390 gold pieces at shops.

Inventory:

Hand Weapons
 a - a +4 halberd (weapon)
 v - a cursed +4 spear
 A - a +0 trident of piercing
 D - a +1 shortbow of freezing
 L - the +8 battleaxe of the Apocalypse {vamp, rN+ Stlth+, unknown}
   (You found it on level 9 of the Dungeon)

   It inflicts no extra harm, but heals its wielder when it wounds a living foe.
   It protects you from negative energy.
   It makes you more stealthy.
Missiles
 E - 3 throwing nets (quivered)
 G - 3 steel javelins
Armour
 e - a +1 helmet (worn)
 q - a +0 cloak (worn)
 x - the +2 ring mail of Past Mistakes {rN+ Int+2 Dex+4}
   (You found it on level 6 of the Dungeon)

   It affects your intelligence (+2).
   It affects your dexterity (+4).
   It protects you from negative energy.
 z - a +2 scale mail of cold resistance (worn)
 O - a +2 pair of gloves (worn)
Jewellery
 f - a ring of stealth (right hand)
 g - an uncursed ring of ice
 i - a +2 amulet of reflection (around neck)
 u - a ring of protection from fire (left hand)
 y - an uncursed ring of wizardry
 K - an uncursed amulet of regeneration
Wands
 h - a wand of random effects (47)
 p - a wand of paralysis (9)
 r - a wand of disintegration (16)
 I - a wand of acid (4)
Scrolls
 j - 2 scrolls of enchant weapon
 k - 2 scrolls of teleportation
 J - 2 scrolls of enchant armour
Potions
 b - 3 potions of cancellation
 d - a potion of agility
 m - 3 potions of curing
 n - 3 potions of ambrosia
 o - 2 potions of brilliance
 s - a potion of berserk rage
 t - 2 potions of haste
 w - a potion of might {unknown}
 B - 2 potions of mutation
 F - a potion of flight {unknown}
 H - 4 potions of heal wounds
 M - 2 potions of lignification {unknown}
 N - 3 potions of invisibility {unknown}
Comestibles
 c - 11 rations
 l - 5 chunks of flesh


   Skills:
 * Level 11.1 Fighting
 * Level 10.2 Polearms
 + Level 7.1 Armour
 - Level 1.7 Dodging


You had 9 spell levels left.
You didn't know any spells.

Dungeon Overview and Level Annotations

Branches:
Dungeon (10/15)            Temple (0/1) D:5            Lair (0/6) D:9
    Orc: D:9-12

Altars:
Cheibriados
Dithmenos
Elyvilon
Fedhas
Gozag
Hepliaklqana
Kikubaaqudgha
Nemelex Xobeh
Qazlal
Ru
Sif Muna
Vehumet
The Shining One
Lugonu

Shops:
D:7 =   D:10 !


Innate Abilities, Weirdness & Mutations

You have sharp fingernails.
You are mostly covered in sharp spines.


Message History

You feel very sick.
The green very ugly thing is struck by your spines.
The green very ugly thing headbutts you!
* * * LOW HITPOINT WARNING * * *
You are more poisoned.
The green very ugly thing poisons you!
The brown ugly thing kicks you but does no damage.
You barely miss the green very ugly thing.
The green very ugly thing is lightly wounded.
* * * LOW HITPOINT WARNING * * *
You feel extremely sick.
The green very ugly thing is struck by your spines.
The green very ugly thing headbutts you!!
* * * LOW HITPOINT WARNING * * *
You puncture the green very ugly thing!
The green very ugly thing is moderately wounded.
* * * LOW HITPOINT WARNING * * *
You feel very sick. The brown ugly thing kicks you.
You die...

#.# #..#####.
############# #.#
#...###.u
#...........# #.####
#...(... #...........#
#....# #.:[).#
#...........# ####.#
#.}_(.# #...........#
.....# ##.$$$u##
#...........# ######
#....u.u###
#............
###Xuu.###............
####u@..##............
####..©.##.#######'##.
#.###..###.# #.##.
##©########.# #.#+.
#...######..# #.##.
##.........## #.##.
########### #....
#####


You could see a green very ugly thing, 5 ugly things and a large abomination.

Vanquished Creatures
  Fannar (D:10)
  2 two-headed ogres
  An ugly thing (D:10)
  The ghost of Henning the Shield-Bearer, an amateur MiFi of Trog (D:4)
  A merfolk (D:9)
  2 hippogriffs
  A wraith (D:10)
  5 yaks (D:10)
  A black bear (D:10)
  3 ice beasts
  An orc warrior (D:7)
  2 sky beasts
  2 centaurs
  2 ogres
  7 bullfrogs
  A big kobold (D:10)
  2 gnoll sergeants
  2 scorpions
  4 wights (D:6)
  4 killer bees (D:6)
  4 howler monkeys
  A crimson imp (D:5)
  A quasit (D:10)
  A bullfrog zombie (D:7)
  2 hounds
  2 jellies
  A centaur skeleton (D:10)
  3 orc priests
  Crazy Yiuf (D:3)
  2 gnoll shamans
  3 bullfrog skeletons
  8 orc wizards
  5 iguanas
  Ijyb (D:5)
  4 worker ants
  A worker ant zombie (D:9)
  20 gnolls
  15 adders
  2 oozes
  2 adder skeletons
  An adder zombie (D:5)
  3 worms
  10 leopard geckos
  21 orcs
  A ball python (D:3)
  5 bats
  5 giant cockroaches
  4 goblins
  3 hobgoblins
  13 jackals
  9 kobolds
  2 quokkas (D:4)
  A ball python skeleton (D:4)
  3 frilled lizards
  A leopard gecko skeleton (D:7)
  A quokka skeleton (D:4)
  2 rats
209 creatures vanquished.

Notes
Turn   | Place    | Note
-------+----------+-------------------------------------------
     0 | D:1      | Kohma the Demonspawn Berserker began the quest for the Orb.
     0 | D:1      | Reached XP level 1. HP: 18/18 MP: 1/1
   315 | D:1      | Gained mutation: You are partially covered in sharp spines. [demonic ancestry]
   315 | D:1      | Reached XP level 2. HP: 13/24 MP: 2/2
   726 | D:2      | Reached XP level 3. HP: 19/29 MP: 3/3
  1227 | D:2      | Reached XP level 4. HP: 22/37 MP: 4/4
  1496 | D:2      | Reached ** piety under Trog
  1497 | D:2      | Found a shadowy altar of Dithmenos.
  1759 | D:3      | Reached skill level 4 in Fighting
  1858 | D:3      | Found an ancient bone altar of Kikubaaqudgha.
  2002 | D:3      | Found a sparkling altar of Nemelex Xobeh.
  2017 | D:3      | Reached XP level 5. HP: 23/43 MP: 5/5
  2029 | D:3      | Found a blossoming altar of Fedhas.
  2465 | D:3      | Found a runed door.
  2469 | D:3      | Noticed Crazy Yiuf
  2510 | D:3      | Paralysed by Crazy Yiuf for 4 turns
  2596 | D:3      | Killed Crazy Yiuf
  2687 | D:3      | Gained mutation: You have sharp fingernails. [demonic ancestry]
  2687 | D:3      | Reached XP level 6. HP: 41/50 MP: 6/6
  2879 | D:4      | Reached skill level 5 in Fighting
  2961 | D:4      | Found a stormy altar of Qazlal.
  2962 | D:4      | Noticed a water elemental
  2962 | D:4      | Noticed an air elemental
  2962 | D:4      | Noticed a fire elemental
  3053 | D:4      | Reached *** piety under Trog
  3162 | D:4      | Noticed Henning's ghost (amateur MiFi)
  3173 | D:4      | Killed Henning's ghost
  3173 | D:4      | Reached skill level 5 in Polearms
  3173 | D:4      | Reached XP level 7. HP: 33/57 MP: 7/7
  3267 | D:4      | Reached skill level 6 in Fighting
  3761 | D:5      | Entered Level 5 of the Dungeon
  3998 | D:5      | Found a staircase to the Ecumenical Temple.
  4040 | D:5      | Reached **** piety under Trog
  4075 | D:5      | Reached XP level 8. HP: 62/65 MP: 8/8
  4161 | D:5      | Noticed Ijyb
  4161 | D:5      | Paralysed by Ijyb for 7 turns
  4170 | D:5      | Killed Ijyb
  4595 | D:6      | Found a deep blue altar of Sif Muna.
  4655 | D:6      | Reached skill level 7 in Fighting
  4690 | D:6      | Got a shimmering ring mail
  5508 | D:7      | Reached skill level 8 in Fighting
  5508 | D:7      | Reached skill level 5 in Armour
  5841 | D:7      | Reached XP level 9. HP: 69/74 MP: 9/9
  6188 | D:7      | Found Ojoezocu's Jewellery Shoppe.
  6613 | D:8      | Found a hazy altar of Hepliaklqana.
  6735 | D:8      | Noticed a two-headed ogre
  6744 | D:8      | Killed a two-headed ogre
  6744 | D:8      | Reached skill level 9 in Fighting
  7182 | D:8      | Found a white marble altar of Elyvilon.
  7187 | D:8      | Found a radiant altar of Vehumet.
  7188 | D:8      | Found a sacrificial altar of Ru.
  7188 | D:8      | Found a glowing golden altar of the Shining One.
  7191 | D:8      | Found an opulent altar of Gozag.
  7192 | D:8      | Found a snail-covered altar of Cheibriados.
  7656 | D:9      | Noticed a merfolk
  7666 | D:9      | Killed a merfolk
  7807 | D:9      | Gained mutation: You are mostly covered in sharp spines. [demonic ancestry]
  7807 | D:9      | Reached XP level 10. HP: 78/84 MP: 10/10
  7816 | D:9      | Found a staircase to the Lair.
  8032 | D:9      | Identified the +2 ring mail of Past Mistakes {rN+ Int+2 Dex+4} (You found it on level 6 of the Dungeon)
  8055 | D:9      | Got a slimy battleaxe
  8248 | D:10     | Entered Level 10 of the Dungeon
  8305 | D:10     | Noticed a two-headed ogre
  8310 | D:10     | Killed a two-headed ogre
  8310 | D:10     | Reached skill level 10 in Fighting
  8436 | D:10     | Found a corrupted altar of Lugonu.
  8467 | D:10     | Noticed Fannar
  8787 | D:10     | Killed Fannar
  9083 | D:10     | Reached ***** piety under Trog
  9098 | D:10     | Reached skill level 10 in Polearms
  9221 | D:10     | Found Imapits's Distillery.
  9241 | D:10     | Bought a potion of berserk rage for 75 gold pieces
  9241 | D:10     | Bought a potion of mutation for 120 gold pieces
  9241 | D:10     | Bought a potion of heal wounds for 75 gold pieces
  9241 | D:10     | Bought a potion of ambrosia for 120 gold pieces
  9364 | D:10     | Reached skill level 11 in Fighting
  9458 | D:10     | Found a transporter.
  9504 | D:10     | Noticed a red ugly thing
  9505 | D:10     | Noticed a brown ugly thing
  9506 | D:10     | Noticed a cyan ugly thing
  9508 | D:10     | Noticed a green very ugly thing
  9511 | D:10     | Noticed a red ugly thing
  9513 | D:10     | Noticed a brown ugly thing
  9515 | D:10     | Noticed a brown ugly thing
  9517 | D:10     | Killed a red ugly thing
  9519 | D:10     | HP: 6/130 [poisoned by a green very ugly thing]
  9519 | D:10     | Slain by a brown ugly thing

Skill      XL: |  1  2  3  4  5  6  7  8  9 10 |
---------------+-------------------------------+-----
Polearms       | 3 4 5 6 7 8 10 | 10.2
Armour         | 2 3 4 5 6 7 |  7.1
Fighting       | 4 5 6 8 9 11 | 11.1
Dodging        | |  1.7

Action                   |  1- 3 |  4- 6 |  7- 9 | 10-12 || total
-------------------------+-------+-------+-------+-------++-------
Melee: Spear             |    96 |   113 |       |       ||   209
       Unarmed           |       |     1 |       |       ||     1
       Halberd           |       |    44 |   201 |   142 ||   387
Invok: Berserk           |       |     2 |       |     1 ||     3
       Trog's Hand       |       |     1 |       |     1 ||     2
       Burn Spellbooks   |       |       |     2 |       ||     2
       Brothers in Arms  |       |       |       |     1 ||     1
  Use: Scroll            |       |       |    22 |     4 ||    26
 Stab: Sleeping          |       |       |       |     1 ||     1
  Eat: Chunk             |     1 |     8 |     5 |     6 ||    20
       Ration            |       |       |     3 |       ||     3
Armor: Animal skin       |    23 |    10 |       |       ||    33
       Chain mail        |       |    47 |    27 |       ||    74
       Scale mail        |       |       |    62 |    49 ||   111
       Ring mail         |       |       |       |     5 ||     5
Dodge: Dodged            |    61 |    63 |    91 |    42 ||   257
Block: Other             |       |       |    12 |     7 ||    19
